AoeStats
← alexlin2014

Black Forest

509278146Analyzed
4v4 RM · 7d ago on Sep 26, 2026· 62m 29s· 8 players
Game mode
Random Map
Map size
Large (8 player)
Population
200
Speed
Normal
Resources
Standard
Victory
Conquest
Starting age
Dark Age
Ending age
Imperial Age
RankedLock teamsTeams togetherTeam positionsShared explorationLock speedFull tech treeHidden civsTurbo modeCheats
Victory
Defeat
🇨🇦 Poles · Canada
1040
+12
🇵🇪 Bengalis · Peru
972
+15
🇺🇸 Persians · United States
958
+15
🇻🇳 Mongols · Vietnam
935
+16
🇦🇷 Varangians · Argentina
1045
-18
🇦🇷 Saxons · Argentina
979
-16
🇨🇳 Spanish · China
913
-37
🇯🇵 Portuguese · Japan
845
-11
Soup
12:09 Feudal Age
12:41 Fishing Lines
14:50 Double-Bit Axe
14:58 Gold Mining
14:55 Horse Collar
21:08 Castle Age
23:51 Bow Saw
23:45 Loom
24:35 Wheelbarrow
23:45 Town Watch
24:37 Gillnets
26:09 Gold Shaft Mining
25:27 Stone Mining
26:22 Scale Barding Armor
26:28 Forging
26:37 Heavy Plow
27:15 Stone Shaft Mining
26:42 Kamandaran
30:47 Imperial Age
29:36 Hand Cart
29:43 Chain Barding Armor
29:58 Iron Casting
32:57 Crop Rotation
33:29 Two-Man Saw
32:41 Cavalier
33:32 Bloodlines
33:22 Husbandry
34:00 Plate Barding Armor
34:25 Blast Furnace
34:46 Conscription
33:53 Heavy Camel Rider
34:04 Savar
50:39 Chemistry
50:01 Ballistics
49:37 Murder Holes
49:53 Masonry
49:09 Capped Ram
52:31 Siege Ram
crabjuice
0:28 Loom
12:52 Feudal Age
20:10 Castle Age
19:48 Horse Collar
19:57 Double-Bit Axe
20:55 Wheelbarrow
22:28 Bow Saw
22:26 Heavy Plow
23:18 Treadmill Crane
23:49 Fortified Wall
25:55 Stone Mining
31:24 Imperial Age
32:04 Hand Cart
34:05 Chemistry
34:53 Szlachta Privileges
35:09 Conscription
35:22 Husbandry
35:33 Bloodlines
35:37 Forging
35:33 Scale Barding Armor
40:18 Gold Mining
45:10 Cavalier
47:00 Lechitic Legacy
47:18 Hoardings
50:28 Onager
51:02 Light Cavalry
54:22 Chain Barding Armor
54:38 Iron Casting
58:41 Bombard Tower
58:42 Ballistics
58:34 Masonry
58:29 Siege Engineers
Santísima TRINIDAD
11:43 Feudal Age
15:50 Castle Age
13:45 Double-Bit Axe
19:20 Bow Saw
24:12 Gold Mining
25:38 Wheelbarrow
28:16 Imperial Age
26:07 Scale Barding Armor
26:12 Forging
26:19 Horse Collar
27:07 Husbandry
27:17 Bloodlines
27:54 Stone Mining
29:21 Fletching
29:52 Chain Barding Armor
30:22 Gold Shaft Mining
31:43 Heavy Plow
33:07 Chemistry
32:44 Elite Elephant Archer
33:46 Ballistics
33:24 Bodkin Arrow
33:29 Padded Archer Armor
34:52 Plate Barding Armor
34:56 Crop Rotation
35:35 Paiks
37:36 Conscription
39:01 Hand Cart
38:14 Elite Battle Elephant
40:50 Two-Man Saw
40:08 Bracer
41:15 Padded Archer Armor
Peaky Blinders
1:24 Loom
11:01 Feudal Age
15:26 Castle Age
13:18 Double-Bit Axe
13:42 Horse Collar
31:13 Imperial Age
29:07 Arson
29:24 Husbandry
29:34 Bloodlines
30:11 Wheelbarrow
29:57 Bow Saw
30:05 Padded Archer Armor
30:38 Town Watch
31:35 Hand Cart
31:56 Town Patrol
31:50 Fletching
32:17 Scale Barding Armor
32:30 Leather Archer Armor
32:40 Conscription
33:24 Bloodlines
33:40 Parthian Tactics
33:19 Squires
32:40 Pikeman
33:32 Light Cavalry
34:17 Bodkin Arrow
34:28 Scale Barding Armor
34:50 Ballistics
35:31 Chemistry
34:58 Elite Mangudai
35:59 Bracer
36:10 Forging
37:37 Hussar
39:05 Chain Barding Armor
40:04 Iron Casting
39:35 Caravan
40:05 Scale Mail Armor
42:30 Gold Mining
46:09 Blast Furnace
45:24 Chain Mail Armor
48:27 Thumb Ring
Señor Hentai
9:47 Feudal Age
10:40 Double-Bit Axe
12:17 Loom
15:20 Fishing Lines
20:20 Castle Age
22:06 Gillnets
23:13 Wheelbarrow
23:10 Bow Saw
26:24 Stone Mining
26:28 Gold Mining
26:52 Forging
26:58 Horse Collar
28:04 Hand Cart
28:06 Heavy Plow
33:22 Imperial Age
32:33 Iron Casting
33:05 Scale Mail Armor
33:01 Gambesons
33:17 Squires
34:10 Chain Mail Armor
33:28 Elite Varangian Guard
34:36 Conscription
33:37 Gothikon
33:56 Capped Ram
34:51 Siege Ram
36:02 Pikeman
37:15 Plate Mail Armor
37:47 Blast Furnace
37:19 Halberdier
44:57 Onager
49:53 Chemistry
49:04 Fortified Wall
MocoSeco
11:16 Feudal Age
12:05 Double-Bit Axe
12:02 Horse Collar
18:32 Castle Age
19:40 Heavy Plow
21:16 Wheelbarrow
23:42 Stone Mining
24:53 Hand Cart
24:45 Gold Mining
25:36 Town Watch
27:17 Gold Shaft Mining
26:38 Fletching
26:48 Padded Archer Armor
27:28 Bow Saw
29:24 Thumb Ring
31:55 Imperial Age
29:48 Bodkin Arrow
30:08 Leather Archer Armor
30:19 Leather Archer Armor
31:40 Ballistics
31:52 Scale Barding Armor
32:38 Bracer
33:08 Ring Archer Armor
34:35 Two-Man Saw
34:07 Town Patrol
33:56 Cranequins
35:42 Crop Rotation
36:16 Conscription
35:26 Pikeman
37:17 Heavy Mounted Crossbowman
39:43 Chemistry
40:08 Elite Skirmisher
46:02 Onager
47:20 Siege Engineers
alexlin2014
12:05 Feudal Age
20:26 Castle Age
25:50 Double-Bit Axe
27:19 Bow Saw
35:12 Imperial Age
32:43 Horse Collar
34:32 Town Watch
34:48 Town Watch
35:27 Gold Mining
35:32 Stone Mining
41:44 Elite Conquistador
Lubuntu10.04LTS
1:02 Loom
13:14 Feudal Age
15:12 Double-Bit Axe
18:06 Wheelbarrow
17:14 Horse Collar
17:30 Gold Mining
21:38 Castle Age
19:23 Fishing Lines
26:21 Imperial Age
24:07 Bow Saw
23:59 Stone Mining
26:12 Gillnets
28:22 Fletching
30:07 Conscription
30:52 Coinage
31:29 Two-Man Saw
31:13 Stone Shaft Mining
31:41 Chemistry
30:47 Padded Archer Armor
30:42 Bodkin Arrow
30:57 Heavy Plow
32:26 Bracer
32:42 Leather Archer Armor
32:57 Block Printing
32:54 Fervor
33:36 Hand Cart
32:53 Pikeman
33:19 Gambesons
36:00 Devotion
36:33 Ring Archer Armor
36:04 Scale Mail Armor
35:54 Treadmill Crane
36:21 Siege Engineers
35:52 Elite Organ Gun
38:33 Banking
37:35 Man-at-Arms
38:01 Arson
37:36 Halberdier
41:28 Chain Mail Armor
41:23 Forging
41:29 Masonry
41:40 Bombard Tower
41:41 Ballistics
Connection lost

Rejoining the realm…

Still unreachable

The connection could not be restored.

Session expired

The server has moved on; the page needs a fresh start.